Map: Deathaura LE

Players

MaxPax

  • Race: Protoss Protoss
  • League: Grandmaster
  • Spawn Location: 11:00

GOStephano (Stephano) - Winner!

  • Race: Zerg Zerg
  • League: Grandmaster
  • Spawn Location: 5:00

Event: DreamHack SC2 Masters 2020 Fall

VOD

Have the link to the VOD?

Description

Time

  • Played on: Aug. 26, 2020, 12:39 p.m.
  • Length: 23:13

All games in this series

Show
View Real Time Build Order
Export as new Build Order

MaxPax Protoss 

Build Orders: Carriers 

Get SALT Encoding   

  12  0:00  Probe  
  13  0:12  Probe  
  14  0:17  Pylon  
  14  0:24  Probe (Chrono Boost)  
  15  0:36  Probe (Chrono Boost)  
  16  0:45  Probe (Chrono Boost)  
  17  0:51  Probe  
  17  0:54  Pylon  
  18  1:03  Probe  
  19  1:08  Nexus  
  19  1:17  Gateway  
  19  1:20  Probe (Chrono Boost)  
  20  1:30  Probe (Chrono Boost)  
  20  1:31  Assimilator  
  21  1:35  Probe (Chrono Boost)  
  21  1:38  Assimilator  
  22  1:42  Pylon  
  22  1:46  Probe  
  23  2:00  Probe (Chrono Boost)  
  24  2:05  Zealot  
  24  2:07  Cybernetics Core  
  26  2:12  Probe (Chrono Boost)  
  27  2:21  Probe x2 (Chrono Boost)  
  29  2:29  Probe (Chrono Boost)  
  31  2:30  Probe (Chrono Boost)  
  31  2:34  Probe (Chrono Boost)  
  32  2:39  Probe  
  32  2:44  Adept  
  35  2:45  Stargate  
  35  2:46  Probe  
  35  2:51  Probe  
  37  2:57  Assimilator  
  37  2:58  Probe  
  37  3:03  Probe  
  38  3:07  Protoss Air Weapons Level 1  
  38  3:08  Pylon  
  38  3:10  Probe  
  39  3:14  Adept  
  39  3:15  Probe  
  42  3:20  Void Ray (Chrono Boost)  
  42  3:22  Probe  
  43  3:27  Probe  
  48  3:34  Probe  
  48  3:39  Probe  
  50  3:41  Nexus  
  50  3:46  Probe  
  50  3:48  Pylon  
  51  3:51  Probe  
  52  3:56  Assimilator  
  52  3:58  Probe  
  52  4:01  Void Ray (Chrono Boost)  
  53  4:05  Adept, Probe  
  60  4:10  Forge  
  60  4:11  Probe  
  61  4:17  Shield Battery  
  61  4:22  Probe  
  62  4:24  Shield Battery  
  62  4:26  Pylon  
  62  4:39  Stargate  
  62  4:40  Void Ray, Pylon  
  62  4:44  Probe x2  
  68  4:55  Probe  
  68  4:56  Probe x2  
  71  5:05  Fleet Beacon  
  67  5:07  Probe  
  67  5:08  Probe x2  
  70  5:14  Assimilator  
  70  5:16  Assimilator  
  70  5:19  Stargate, Probe  
  70  5:20  Probe x2  
  73  5:24  Pylon  
  73  5:30  Void Ray (Chrono Boost)  
  73  5:31  Probe  
  73  5:33  Probe x2  
  77  5:43  Probe  
  77  5:45  Probe x2  
  77  5:48  Pylon  
  77  5:49  Unknown  
  80  5:55  Probe  
  87  5:57  Carrier (Chrono Boost), Probe x2  
  89  6:05  Pylon  
  89  6:07  Probe  
  89  6:09  Probe, Carrier (Chrono Boost)  
  97  6:17  Photon Cannon  
  103  6:32  Carrier (Chrono Boost)  
  103  6:34  Nexus  
  103  6:39  Void Ray (Chrono Boost), Pylon  
  102  6:42  Probe x2  
  102  6:44  Probe  
  104  6:52  Photon Cannon  
  108  6:55  Carrier (Chrono Boost)  
  114  7:03  Nexus  
  114  7:06  Pylon  
  114  7:07  Probe  
  114  7:08  Probe  
  116  7:14  Robotics Facility  
  116  7:20  Photon Cannon  
  116  7:22  Shield Battery  
  116  7:28  Pylon  
  122  7:31  Carrier (Chrono Boost)  
  122  7:32  Probe x2  
  122  7:35  Pylon  
  122  7:36  Photon Cannon  
  122  7:48  Carrier (Chrono Boost)  
  122  7:50  Carrier (Chrono Boost)  
  128  7:51  Cybernetics Core  
  128  7:54  Cybernetics Core  
  124  7:58  Probe  
  124  8:02  Probe  
  123  8:05  Probe  
  123  8:10  Probe  
  124  8:14  Assimilator, Probe  
  124  8:17  Assimilator, Probe  
  124  8:18  Void Ray (Chrono Boost)  
  124  8:19  Photon Cannon  
  126  8:20  Observer  
  126  8:26  Probe  
  132  8:28  Cybernetics Core  
  132  8:31  Photon Cannon  
  132  8:36  Void Ray (Chrono Boost)  
  132  8:38  Void Ray (Chrono Boost)  
  140  8:52  Void Ray (Chrono Boost)  
  140  8:54  Protoss Air Weapons Level 2 (Chrono Boost)  
  130  9:05  Probe x2  
  130  9:08  Robotics Bay  
  132  9:17  Carrier (Chrono Boost)  
  138  9:19  Probe  
  138  9:20  Probe  
  138  9:21  Carrier (Chrono Boost)  
  138  9:22  Observer  
  138  9:23  Probe  
  147  9:24  Protoss Air Armor Level 1 (Chrono Boost)  
  147  9:29  Gateway  
  147  9:31  Gateway  
  147  9:32  Gateway x2  
  147  9:34  Twilight Council, Gateway  
  147  9:36  Protoss Shields Level 1, Pylon  
  147  9:38  Forge  
  147  9:45  Shield Battery  
  147  9:47  Carrier, Photon Cannon  
  147  9:49  Probe x2, Pylon  
  147  9:52  Disruptor (Chrono Boost)  
  155  9:58  Probe  
  159  10:00  Observer  
  159  10:01  Probe  
  159  10:04  Robotics Facility  
  160  10:13  Photon Cannon  
  160  10:15  Pylon  
  160  10:16  Carrier, Pylon  
  165  10:23  Carrier  
  165  10:26  Charge (Chrono Boost)  
  170  10:33  Disruptor  
  173  10:43  Observer  
  173  10:52  Warp Gate (Chrono Boost)  
  173  10:53  Disruptor  
  176  10:57  Templar Archives, Nexus  
  176  10:59  Pylon  
  176  11:00  Pylon, Photon Cannon  
  176  11:01  Carrier (Chrono Boost)  
  176  11:02  Photon Cannon  
  176  11:03  Assimilator, Pylon  
  181  11:05  Assimilator  
  180  11:18  Carrier (Chrono Boost)  
  180  11:24  Nexus  
  180  11:25  Psionic Storm  
  186  11:26  Pylon  
  182  11:39  Protoss Air Weapons Level 3 (Chrono Boost)  
  182  11:45  Probe x2  
  183  11:47  Photon Cannon  
  183  11:49  Photon Cannon  
  183  11:51  Photon Cannon  
  183  11:52  Protoss Ground Weapons Level 1 (Chrono Boost), Photon Cannon  
  183  11:53  Disruptor  
  192  11:54  Pylon  
  192  11:55  Shield Battery  
  192  11:56  Shield Battery  
  192  11:57  Carrier (Chrono Boost)  
  192  11:59  Assimilator  
  192  12:00  Probe x2  
  194  12:01  Assimilator  
  194  12:08  Gateway, Pylon  
  194  12:10  Probe  
  195  12:20  Photon Cannon  
  195  12:21  Pylon  
  195  12:26  High Templar x2  
  199  12:33  Photon Cannon x2  
  199  12:34  Pylon  
  199  12:36  High Templar  
  200  12:41  Observer (Chrono Boost)  
  200  12:50  Protoss Shields Level 2 (Chrono Boost)  
  200  12:54  Photon Cannon  
  200  13:04  Observer  
  197  13:20  High Templar  
  197  13:23  Pylon  
  195  13:29  Zealot  
  195  13:32  Zealot  
  195  13:36  Zealot  
  195  13:37  Zealot  
  199  13:43  Carrier, Cybernetics Core  
  199  13:51  Carrier  
  199  13:53  High Templar  
  200  14:16  Protoss Air Armor Level 2 (Chrono Boost)  
  200  14:20  Nexus, Observer  
  200  14:31  Void Ray (Chrono Boost)  
  200  14:49  Void Ray (Chrono Boost), Archon  
  160  14:58  High Templar x3  
  160  14:59  High Templar x3  
  148  15:00  Zealot  
  148  15:03  Stargate  
  148  15:04  Archon x2  
  148  15:05  Void Ray (Chrono Boost), Archon  
  148  15:06  Carrier (Chrono Boost)  
  149  15:09  Stargate  
  149  15:13  Protoss Ground Weapons Level 2 (Chrono Boost)  
  125  15:23  Void Ray (Chrono Boost)  
  125  15:25  Probe x3  
  132  15:29  Void Ray (Chrono Boost)  
  132  15:31  Nexus  
  136  15:45  Gateway  
  136  15:46  Gateway  
  136  15:49  Gateway x2  
  136  15:50  Pylon  
  136  15:52  High Templar x4, Void Ray (Chrono Boost)  
  136  15:53  High Templar, Pylon  
  136  15:54  Zealot  
  136  15:55  Zealot  
  136  15:56  Probe x3  
  157  15:57  Void Ray (Chrono Boost)  
  157  16:00  Probe  
  157  16:02  Void Ray (Chrono Boost)  
  162  16:04  Void Ray (Chrono Boost)  
  166  16:15  Void Ray (Chrono Boost)  
  167  16:19  Probe x2  
  165  16:25  Zealot x7  
  165  16:28  Probe  
  180  16:33  Void Ray x2 (Chrono Boost)  
  180  16:37  Void Ray (Chrono Boost)  
  192  16:41  Probe x2  
  194  16:49  Zealot x3  
  199  17:10  Observer  
  194  17:21  Void Ray  
  198  17:39  Zealot  
  198  17:40  Dark Shrine  
  198  17:43  Nexus  
  200  17:45  Protoss Air Armor Level 3, Pylon  
  200  17:47  Assimilator  
  200  17:48  Assimilator  
  200  18:09  Photon Cannon  
  200  18:10  Photon Cannon  
  196  18:13  Photon Cannon  
  196  18:15  Shield Battery  
  196  18:16  High Templar x2  
  196  18:17  Pylon  
  200  18:20  Pylon  
  200  18:22  Shield Battery  
  200  18:26  Pylon  
  200  18:28  Pylon  
  196  18:46  Shield Battery  
  196  18:47  Shield Battery  
  190  18:53  Protoss Shields Level 3 (Chrono Boost)  
  190  18:54  Dark Templar x2  
  190  18:55  Zealot x4, Dark Templar  
  190  18:56  Zealot x2  
  198  19:03  Probe  
  198  19:04  Probe  
  184  19:22  Zealot x8  
  198  19:27  Void Ray  
  198  19:28  Void Ray x2  
  184  19:40  High Templar x3  
  184  19:42  Probe x2  
  184  19:45  High Templar x2  
  188  19:48  Archon  
  188  19:51  Zealot x4  
  174  19:53  Archon  
  174  19:59  Zealot x2  
  129  20:09  Probe x3  
  129  20:10  Probe x2  
  129  20:13  Zealot x7  
  114  20:15  Probe  
  114  20:18  Zealot x2  
  114  20:19  Zealot x2  
  111  20:21  Probe x2  
  111  20:22  Probe x2  
  107  20:30  Probe  
  107  20:33  Probe x2  
  107  20:35  High Templar x4  
  101  20:36  High Templar x2  
  101  20:38  Zealot x4  
  101  20:39  Archon x2  
  101  20:40  Archon  
  115  20:43  Zealot  
  123  21:00  Zealot x4  
  121  21:05  Dark Templar  
  121  21:06  Dark Templar x2  
  121  21:08  Pylon  
  117  21:11  Stalker x3  
  117  21:15  Zealot  
  108  21:19  Probe x2  
  108  21:20  Probe x2  
  102  21:39  Dark Templar, Archon  
  101  21:41  Zealot  
  101  21:42  Zealot x4  
  98  21:52  Zealot  
Show
View Real Time Build Order
Export as new Build Order

GOStephano Zerg - Winner!

Build Orders: Hatch First 

Get SALT Encoding   

  12  0:00  Drone  
  13  0:12  Overlord  
  13  0:17  Drone  
  14  0:30  Drone x2  
  16  0:47  Hatchery  
  15  0:50  Drone  
  15  0:54  Drone  
  17  0:57  Drone  
  18  1:11  Extractor  
  18  1:14  Spawning Pool  
  18  1:17  Drone  
  17  1:20  Drone  
  18  1:27  Drone  
  19  1:38  Drone  
  20  1:49  Drone  
  21  2:01  Queen x2, Zergling x2  
  22  2:03  Drone  
  27  2:10  Drone  
  27  2:11  Overlord  
  28  2:23  Metabolic Boost  
  28  2:28  Hatchery  
  28  2:29  Drone  
  28  2:32  Drone  
  28  2:35  Drone  
  30  2:38  Drone  
  30  2:44  Queen  
  31  2:48  Overlord  
  33  2:52  Drone  
  33  2:55  Drone  
  33  2:56  Drone  
  36  3:09  Drone x4  
  36  3:10  Drone  
  41  3:13  Drone  
  41  3:15  Queen  
  41  3:17  Overlord  
  44  3:36  Zergling x4  
  44  3:37  Zergling x2  
  44  3:39  Drone x3  
  50  3:43  Drone x2  
  50  3:45  Overlord  
  50  3:47  Drone  
  53  3:48  Evolution Chamber  
  53  3:49  Drone  
  53  3:54  Lair  
  53  3:56  Drone x5  
  53  3:58  Extractor  
  53  3:59  Extractor  
  56  4:03  Overlord  
  56  4:04  Overlord  
  56  4:06  Drone  
  57  4:15  Drone  
  57  4:17  Overlord, Zerg Missile Weapons Level 1  
  57  4:20  Spore Crawler  
  57  4:21  Drone, Queen  
  57  4:23  Drone x2  
  57  4:24  Drone  
  62  4:29  Drone x3  
  65  4:37  Drone  
  66  4:40  Drone x2  
  66  4:41  Drone  
  66  4:45  Extractor x2  
  67  4:47  Overlord  
  67  4:48  Drone  
  67  4:51  Zergling x2  
  69  4:58  Zergling x2  
  66  5:00  Drone x3  
  66  5:02  Drone x5  
  66  5:06  Hydralisk Den  
  73  5:09  Drone x2  
  75  5:17  Overlord  
  75  5:20  Drone x2  
  77  5:24  Queen  
  77  5:26  Overlord  
  79  5:29  Drone x2  
  79  5:32  Extractor  
  79  5:33  Drone  
  81  5:40  Zergling x12  
  86  5:46  Muscular Augments  
  85  5:51  Hydralisk  
  85  5:52  Hydralisk x4  
  85  5:57  Hatchery  
  94  6:00  Hydralisk  
  94  6:01  Hydralisk  
  94  6:03  Overlord x3  
  97  6:14  Zerg Missile Weapons Level 2  
  97  6:19  Overlord  
  97  6:21  Hydralisk x2  
  97  6:25  Overlord  
  100  6:27  Hatchery  
  100  6:30  Hydralisk x2, Hatchery  
  103  6:34  Hydralisk x2  
  103  6:38  Overlord  
  107  6:42  Hydralisk x2  
  111  6:51  Hydralisk x3  
  111  6:53  Infestation Pit  
  116  6:57  Grooved Spines  
  116  7:00  Queen  
  118  7:03  Hydralisk x3  
  118  7:04  Hydralisk  
  118  7:08  Drone x2  
  126  7:14  Hydralisk x3  
  132  7:17  Hydralisk  
  132  7:20  Hydralisk  
  132  7:21  Hydralisk  
  138  7:24  Hydralisk  
  138  7:26  Overseer  
  140  7:30  Hydralisk x2  
  144  7:44  Hydralisk  
  144  7:45  Hydralisk x5  
  144  7:51  Spire  
  115  8:01  Drone x10  
  116  8:07  Hive  
  116  8:08  Hydralisk  
  116  8:11  Hydralisk  
  118  8:14  Drone  
  118  8:16  Hydralisk x2  
  123  8:22  Hydralisk x2  
  127  8:28  Hydralisk x3  
  127  8:33  Hydralisk  
  127  8:34  Hydralisk x2  
  138  8:42  Hydralisk x4  
  137  8:57  Drone x13  
  150  9:03  Drone x7  
  150  9:05  Extractor  
  150  9:09  Extractor, Zerg Melee Weapons Level 1  
  155  9:10  Zerg Flyer Armor Level 1  
  155  9:19  Viper  
  155  9:20  Spire  
  155  9:22  Drone  
  155  9:23  Extractor  
  155  9:24  Drone x2, Extractor  
  158  9:25  Overlord  
  158  9:36  Pneumatized Carapace  
  158  9:41  Overlord x2  
  158  9:42  Overlord  
  158  9:44  Overlord  
  158  9:49  Overseer  
  158  9:50  Lurker Den  
  157  9:55  Corruptor x4  
  157  9:56  Overlord  
  157  9:57  Overlord  
  165  10:07  Corruptor  
  165  10:08  Corruptor x3  
  173  10:22  Corruptor x4  
  181  10:30  Corruptor x2  
  181  10:31  Overseer  
  181  10:32  Hatchery  
  184  10:41  Drone x2  
  184  10:42  Drone x2  
  188  10:43  Drone x2  
  188  10:44  Corruptor x3  
  188  10:49  Viper  
  199  10:59  Evolution Chamber  
  198  11:11  Zerg Flyer Armor Level 2  
  198  11:12  Zerg Flyer Weapons Level 1  
  198  11:13  Ultralisk Cavern, Corruptor  
  195  11:25  Drone x2  
  195  11:26  Drone x3  
  195  11:27  Spore Crawler  
  195  11:28  Spore Crawler  
  198  11:33  Zerg Melee Weapons Level 2  
  198  11:34  Zerg Ground Armor Level 1  
  198  11:35  Corruptor  
  200  12:04  Unknown  
  200  12:06  Spore Crawler x3  
  200  12:07  Spore Crawler x6  
  190  12:08  Spore Crawler  
  190  12:12  Unknown  
  188  12:17  Drone x3  
  188  12:18  Drone x3  
  194  12:23  Corruptor x3  
  194  12:24  Chitinous Plating  
  200  12:42  Overseer x2  
  200  12:43  Overlord x3  
  200  13:13  Zerg Flyer Weapons Level 2  
  193  13:29  Corruptor x9  
  193  13:33  Zerg Flyer Armor Level 3  
  189  13:41  Corruptor x7  
  185  13:43  Anabolic Synthesis  
  199  13:52  Ultralisk x3  
  199  13:56  Baneling Nest  
  198  14:03  Zerg Ground Armor Level 2  
  198  14:04  Zerg Melee Weapons Level 3  
  197  14:17  Zergling x6  
  167  14:57  Corruptor x4  
  167  14:59  Ultralisk x4  
  199  15:13  Hatchery  
  192  15:41  Zerg Flyer Weapons Level 3  
  190  15:47  Spine Crawler  
  189  15:50  Spine Crawler  
  188  16:19  Hatchery  
  187  16:34  Viper x3  
  187  16:38  Centrifical Hooks  
  190  16:42  Zergling x2  
  190  16:43  Zergling x18  
  200  17:06  Baneling  
  200  17:07  Baneling x19  
  200  17:09  Zerg Ground Armor Level 3, Zerg Missile Weapons Level 3  
  199  17:44  Hatchery  
  198  17:55  Spine Crawler x2  
  196  17:59  Adrenal Glands  
  194  18:07  Drone x3  
  194  18:11  Spine Crawler  
  192  18:13  Extractor  
  192  18:15  Extractor  
  165  18:36  Drone x3  
  165  18:37  Drone x3  
  165  18:39  Zergling x32  
  190  18:48  Ultralisk x2  
  196  19:00  Spine Crawler x3  
  196  19:01  Baneling x14  
  193  19:04  Hatchery  
  192  19:14  Zergling x16  
  192  19:15  Zergling x10  
  185  19:41  Zergling x18  
  175  19:55  Hatchery  
  175  19:57  Zergling x26  
  175  19:58  Zergling x22  
  163  20:00  Ultralisk x5  
  185  20:09  Zergling x10  
  183  20:22  Ultralisk x2  
  183  20:26  Hatchery  
  188  21:10  Ultralisk x3  
  195  21:17  Overseer x4  
  185  21:20  Zergling x14  
  185  21:21  Zergling x10  
  181  21:36  Zergling x26  
  194  21:40  Pathogen Glands  
  194  21:42  Hatchery  

Tags
 
Add a new tag
Caveats
  • Supply blocks, unpowered buildings, or Contaminate may cause inaccurate times.
  • Supply counts are checked every 10 seconds.